 Dungeon Crawl Stone Soup version 0.29-a0-409-gd843f3a48c (webtiles) character file.

Game seed: 2651481464999169070

101 holysushi the Magician (level 4, -1/34 HPs)
             Began as a Mummy Necromancer on May 14, 2022.
             Slain by a gnoll
             ... wielding a +0 whip
              (3 damage)
             ... on level 3 of the Dungeon.
             The game lasted 00:03:49 (2170 turns).

holysushi the Magician (Mummy Necromancer)          Turns: 2170, Time: 00:03:50

Health: -1/34      AC:  2    Str: 11    XL:     4   Next: 48%
Magic:  2/10       EV: 11    Int: 14    God:
Gold:   148        SH:  0    Dex: 14    Spells: 11/12 levels left

rFire   x . .      SeeInvis .   c - +1 dagger (venom)
rCold   + . .      Faith    .   (no shield)
rNeg    + + +      Spirit   .   a - +0 robe
rPois   ∞          Reflect  .   (no helmet)
rElec   .          Harm     .   (no cloak)
rCorr   .          Rampage  .   (no gloves)
Will    +....                   (no boots)
Stlth   ++........              (no amulet)
HPRegen 0.11/turn               j - ring of willpower
MPRegen 0.12/turn               (no ring)

@: very slightly contaminated
A: cold resistance 1, negative energy resistance 3, torment resistance 2, heat
vulnerability 1, in touch with death 1, no potions
a: no special abilities


You were on level 3 of the Dungeon.
You visited 1 branch of the dungeon, and saw 3 of its levels.

You collected 148 gold pieces.

Inventory:

Hand Weapons
 c - a +1 dagger of venom (weapon)
 h - the +0 hand axe "Sogiz" {vorpal, rElec rF+ Int+2}
   (You found it on level 2 of the Dungeon)

   It inflicts extra damage upon your enemies.
   Int:       It affects your intelligence (+2).
   rF:        It protects you from fire.
   rElec:     It insulates you from electricity.
Armour
 a - a +0 robe (worn)
Jewellery
 j - a ring of willpower (left hand)
Wands
 i - a wand of iceblast (1)
Scrolls
 b - a scroll of fog {unknown}
 d - a scroll of enchant weapon {unknown}
 e - a scroll of identify {unknown}
 f - a scroll of blinking {unknown}
 g - a scroll of vulnerability {unknown}


   Skills:
 + Level 2.8(1.4) Fighting
 - Level 1.5(0.7) Dodging
 - Level 1.5(0.7) Stealth
 + Level 4.6(2.3) Spellcasting
 - Level 4.0(2.0) Necromancy


You had 11 spell levels left.
You knew the following spells:

 Your Spells              Type           Power      Damage    Failure   Level
a - Pain                  Necr           40%        1d6       11%         1

Your spell library contained the following spells:

 Spells                   Type           Power      Damage    Failure   Level
 Animate Skeleton         Necr           20%        N/A       11%         1
 Vampiric Draining        Necr           10%        2d6       30%         3
 Animate Dead             Necr           5%         N/A       71%         4
 Petrify                  Tmut/Erth      1%         N/A       93%         4
 Agony                    Necr           10%        N/A       96%         5
 Irradiate                Conj/Tmut      0%         3d13      100%        5
 Sublimation of Blood     Necr           Unusable   N/A       N/A         2

Dungeon Overview and Level Annotations

Branches:
Dungeon (3/15)

Altars:
Ashenzari

Annotations:
D:3 Grinder


Innate Abilities, Weirdness & Mutations

You are immune to poison.
Your flesh is cold resistant. (rC+)
You are immune to negative energy. (rN+++)
You are immune to unholy pain and torment.
You are vulnerable to heat. (rF-)
You are in touch with the powers of death.
You do not drink.


Message History

Aim: a gnoll, wielding a +0 flail (severely wounded, chance to affect: 71%)
You feel a surge of power!
The gnoll writhes in agony.
You kill the gnoll!
Casting: Pain (safe; 11% risk of failure)
Confirm with . or Enter, or press ? or * to list all spells.
Aiming: Pain (safe; 11% risk of failure)
Press: ? - help, Shift-Dir - straight line, f - gnoll
Aim: a gnoll, wielding a +0 whip (chance to affect: 71%)
You feel a surge of power!
The gnoll struggles to resist.
The gnoll barely misses you.
Casting: Pain (safe; 11% risk of failure)
Confirm with . or Enter, or press ? or * to list all spells.
Aiming: Pain (safe; 11% risk of failure)
Press: ? - help, Shift-Dir - straight line, f/p - gnoll
Aim: a gnoll, wielding a +0 whip (chance to affect: 71%)
You feel a surge of power!
The gnoll writhes in agony.
The gnoll closely misses you.
Casting: Pain (safe; 11% risk of failure)
Confirm with . or Enter, or press ? or * to list all spells.
Aiming: Pain (safe; 11% risk of failure)
Press: ? - help, Shift-Dir - straight line, f/p - gnoll
Aim: a gnoll, wielding a +0 whip (lightly wounded, chance to affect: 71%)
You feel a surge of power!
The gnoll struggles to resist.
The gnoll barely misses you.
Casting: Pain (safe; 11% risk of failure)
Confirm with . or Enter, or press ? or * to list all spells.
Aiming: Pain (safe; 11% risk of failure)
Press: ? - help, Shift-Dir - straight line, f/p - gnoll
Aim: a gnoll, wielding a +0 whip (lightly wounded, chance to affect: 71%)
You feel a surge of power!
The gnoll struggles to resist.
The gnoll hits you with a +0 whip.
* * * LOW HITPOINT WARNING * * *
Casting: Pain (safe; 11% risk of failure)
Confirm with . or Enter, or press ? or * to list all spells.
Aiming: Pain (safe; 11% risk of failure)
Press: ? - help, Shift-Dir - straight line, f/p - gnoll
Aim: a gnoll, wielding a +0 whip (lightly wounded, chance to affect: 71%)
You feel a surge of power!
The gnoll struggles to resist.
The gnoll hits you with a +0 whip.
You die...

################
#..g@..........#
#.############.######
#.# #....... ##g#
######## #..# #.##
#.# #)# #.#


You could see a gnoll.

Vanquished Creatures
  2 gnolls (D:3)
  3 adders (D:2)
  3 dart slugs
  4 ball pythons
  3 endoplasms
  7 giant cockroaches
  5 goblins
  4 hobgoblins
  3 kobolds (D:1)
  2 quokkas (D:1)
  6 bats
  2 frilled lizards
  5 rats
49 creatures vanquished.

Vanquished Creatures (others)
  A fungus (D:2)
1 creature vanquished.

Grand Total: 50 creatures vanquished

Notes
Turn   | Place    | Note
-------+----------+-------------------------------------------
     0 | D:1      | holysushi the Mummy Necromancer began the quest for the
                  | Orb.
     0 | D:1      | Reached XP level 1. HP: 13/13 MP: 4/4
   212 | D:1      | Reached skill level 1 in Fighting
   213 | D:1      | Reached XP level 2. HP: 17/21 MP: 1/6
   735 | D:1      | Gained mutation: You are in touch with the powers of death.
                  | [Mummy growth]
   735 | D:1      | Reached XP level 3. HP: 27/27 MP: 5/8
  1029 | D:2      | Identified the +0 hand axe "Sogiz" {vorpal, rElec rF+
                  | Int+2}
  1070 | D:2      | Identified the +2 scale mail "Zuvedgh" {Will+}
  1100 | D:2      | Found a faded altar of an unknown god.
  1238 | D:2      | Reached XP level 4. HP: 34/34 MP: 8/10
  1986 | D:2      | Prayed at the altar of an unknown god.
  1986 | D:2      | Became a worshipper of Ashenzari the Shackled
  1988 | D:2      | Fell from the grace of Ashenzari
  2049 | D:3      | Noticed Grinder
  2170 | D:3      | Slain by a gnoll

Illustrated notes

Levels and vault maps discovered:
D:1:      lightli_arrival_windingriver, layout_rooms
D:2:      layout_basic, shapermc_ecumenical_altar_hornbeckon,
          minmay_small_reverse_x
D:3:      layout_loops_ring, kennysheep_path_1, uniq_pargi, uniq_grinder

Skill      XL: |  1  2  3 |
---------------+----------+-----
Spellcasting   | 3 4 |  4.6
Fighting       | 1 2 |  2.8
Dodging        | |  1.5
Stealth        | |  1.5
Necromancy     | |  4.0

Action                   |  1- 3 |  4- 6 || total
-------------------------+-------+-------++-------
Melee: Unarmed           |     4 |       ||     4
       Dagger            |     8 |    16 ||    24
       Punch             |     1 |       ||     1
 Cast: Pain              |    62 |    22 ||    84
Invok: Renounce Religion |       |     1 ||     1
Armor: Robe              |     5 |     5 ||    10
Dodge: Dodged            |    21 |    11 ||    32

Table legend: (Time is in decaauts)
 A = Elapsed time spent in this place.
 B = Non-inter-level travel time spent in this place.
 C = Inter-level travel time spent in this place.
 D = Time resting spent in this place.
 E = Time spent auto-exploring this place.
 F = Levels seen in this place.
 G = Mean time per level.
                   A        B        C        D        E       F      G
               +--------+--------+--------+--------+--------+-----+--------+
         Total |   2184 |   2033 |    151 |    335 |   1320 |   3 |  728.0 |
       Dungeon |   2184 |   2033 |    151 |    335 |   1320 |   3 |  728.0 |
               +--------+--------+--------+--------+--------+-----+--------+

Top non-repeatable levels by time:
     D:2: 1095 daAuts
     D:1: 937 daAuts
     D:3: 151 daAuts
